 Dungeon Crawl Stone Soup version 0.26-a0-540-g8a0c9464d7 (webtiles) character file.

Game seed: 12887457423182665894

309 vurker the Chopper (level 6, -2/56 HPs)
             Began as a Minotaur Monk on Aug 18, 2020.
             Was a Believer of the Shining One.
             Slain by an orc warrior
             ... wielding a +0 war axe
              (14 damage)
             ... on level 4 of the Dungeon.
             The game lasted 00:03:25 (3110 turns).

vurker the Chopper (Minotaur Monk)                  Turns: 3110, Time: 00:03:26

Health: -2/56      AC:  5    Str: 18    XL:     6   Next: 17%
Magic:  6/6        EV: 12    Int:  7    God:    the Shining One [**....]
Gold:   261        SH:  0    Dex: 12    Spells: 5/5 levels left

rFire    . . .     SeeInvis .   a - +0 hand axe
rCold    . . .     Faith    .   (no shield)
rNeg     + . .     Spirit   .   i - +0 ring mail
rPois    .         Reflect  .   (helmet restricted)
rElec    .         Harm     .   (no cloak)
rCorr    .                      (no gloves)
MR       .....                  (no boots)
Stlth    +.........             (no amulet)
HPRegen  0.18/turn              (no ring)
MPRegen  0.10/turn              (no ring)

@: glowing
A: retaliatory headbutt, horns 2
a: Divine Shield, Renounce Religion


You were on level 4 of the Dungeon.
You worshipped the Shining One.
The Shining One was pleased with you.
You visited 1 branch of the dungeon, and saw 4 of its levels.
You also visited: Sewer.

You collected 261 gold pieces.

Inventory:

Hand Weapons
 a - a +0 hand axe (weapon)
Armour
 i - a +0 ring mail (worn)
   (You found it on level 2 of the Dungeon)
Jewellery
 q - an uncursed ring of fire {unknown}
   (You found it on level 3 of the Dungeon)
Wands
 t - a wand of flame (17)
   (You found it on level 4 of the Dungeon)
Scrolls
 c - 3 scrolls of remove curse {unknown}
 d - a scroll of noise {unknown}
 f - a scroll of amnesia {unknown}
 h - 2 scrolls of identify {unknown}
 j - a scroll of magic mapping {unknown}
 n - 3 scrolls of teleportation
Potions
 b - a potion of curing {unknown}
 e - a potion of might {unknown}
 g - 2 potions of heal wounds {unknown}
 k - 2 potions of stabbing {unknown}
 l - 2 potions of brilliance {unknown}
 m - 2 potions of cancellation {unknown}
 o - 5 potions of flight
 p - 2 potions of mutation {unknown}


   Skills:
 + Level 5.3 Fighting
 * Level 6.7 Axes
 - Level 3.2 Dodging
 - Level 1.5 Stealth
 + Level 2.3 Invocations


You had 5 spell levels left.
You didn't know any spells.
Your spell library was empty.

Dungeon Overview and Level Annotations

Branches:
Dungeon (4/15)              Sewer (visited)
 Temple: D:4-7

Altars:
The Shining One


Innate Abilities, Weirdness & Mutations

You reflexively headbutt those who attack you in melee.
You have a pair of horns on your head.


Message History

You hear the hiss of flowing sand.
There is an entrance to an ossuary on this level.
Hurry and find it before the portal is buried!
You hear the slow hiss of a distant avalanche of sand.
Found 7 gold pieces.
Found a stone staircase leading down.
There is a stone staircase leading up here.
You now have 245 gold pieces (gained 7).
No target in view!
No target in view!
Found 16 gold pieces.
Found a copper wand.
You now have 261 gold pieces (gained 16).
t - a wand of flame (17)
Found 10 stones.
You hear the slow hiss of a very distant avalanche of sand.
Found 22 sling bullets.
You see here 22 sling bullets.
An ogre comes into view. It is wielding a +0 giant spiked club.
You hit the ogre. You headbutt the ogre! The ogre closely misses you.
You furiously retaliate!
You headbutt the ogre! You hit the ogre. You headbutt the ogre.
You hit the ogre.
You kill the ogre!
You have reached level 6!
Your experience leads to an increase in your attributes!
Increase (S)trength, (I)ntelligence, or (D)exterity?
You feel stronger.
Things that are here:
a +0 giant spiked club; an ogre corpse You hear the slow hiss of a very distant avalanche of sand.
Things that are here:
a +0 giant spiked club; an ogre corpse You see here 22 sling bullets.
The orc wizard shouts!
There are monsters nearby!
The orc wizard casts a spell at you. The magic dart hits you!
You slash the orc warrior!
The orc warrior hits you with a +0 war axe!!
* * * LOW HITPOINT WARNING * * *
You hit the orc warrior but do no damage.
The orc warrior hits you with a +0 war axe!
* * * LOW HITPOINT WARNING * * *
The orc wizard gestures wildly while chanting.
The orc wizard seems to speed up.
Unknown command.
You hit the orc warrior. Your headbutt misses the orc warrior.
The orc warrior misses you.
You hit the orc warrior.
The orc warrior hits you with a +0 war axe!
You die...

#..###....##
##.......(..#
##.....^.....# ###
#............# ...#####
#............#
#.....###.............
#####...................
........................
.......@#..#............
......oo##.##...........
........##.###..........
........##.# ###........
#...... .......##..#
###.....# #......
....... #(#### ####..#
#...... ......#
#.#..#### ####
#......#......
#.##....### #.......#
#.##......##


You could see an orc warrior and an orc wizard (fast).

Vanquished Creatures
  An ogre (D:4)
  An orc priest (D:3)
  A merfolk avatar (Sewer)
  A merfolk siren (Sewer)
  5 adders
  3 river rats (Sewer)
  An ooze (D:2)
  3 worms (D:2)
  A dart slug (D:1)
  3 leopard geckos
  An orc (D:3)
  3 giant cockroaches
  4 goblins
  5 hobgoblins
  A quokka (D:3)
  6 ball pythons
  6 bats
  6 frilled lizards
  5 kobolds
  24 rats
81 creatures vanquished.

Notes
Turn   | Place    | Note
-------+----------+-------------------------------------------
     0 | D:1      | vurker the Minotaur Monk began the quest for the Orb.
     0 | D:1      | Reached XP level 1. HP: 19/19 MP: 0/0
    82 | D:1      | Reached skill level 4 in Axes
   770 | D:2      | Reached XP level 2. HP: 27/27 MP: 1/1
  1247 | D:2      | Reached XP level 3. HP: 33/33 MP: 2/2
  1274 | D:2      | Found a glowing golden altar of the Shining One.
  1380 | D:2      | Became a worshipper of the Shining One
  1380 | D:2      | Reached * piety under the Shining One
  1380 | D:2      | Reached ** piety under the Shining One
  1586 | D:2      | Reached skill level 5 in Axes
  1820 | D:3      | Found a glowing drain.
  1838 | D:3      | Reached XP level 4. HP: 38/41 MP: 3/3
  1841 | Sewer    | Entered a sewer
  1902 | Sewer    | Reached skill level 1 in Invocations
  2066 | Sewer    | Reached XP level 5. HP: 30/47 MP: 3/5
  2265 | Sewer    | Reached skill level 6 in Axes
  2308 | Sewer    | Reached skill level 5 in Fighting
  2822 | D:4      | Noticed an orc warrior
  3046 | D:4      | Noticed an ogre
  3052 | D:4      | Killed an ogre
  3052 | D:4      | Reached XP level 6. HP: 56/56 MP: 6/6
  3110 | D:4      | Slain by an orc warrior

Illustrated notes

Levels and vault maps discovered:
D:1:      roderic_crop_circles_arrival_small, layout_basic
D:2:      layout_loops_cross, tso_altar
D:3:      layout_basic, cheibrodos_sewer_entry_sluice
D:4:      layout_cave_pods, enter_ossuary_2, chequers_serial_rivers_marsh

Skill      XL: |  1  2  3  4  5 |
---------------+----------------+-----
Axes           | 4 5 6 |  6.7
Fighting       | 4 5 |  5.3
Invocations    | 1 2 |  2.3
Dodging        | |  3.2
Stealth        | |  1.5

Action                   |  1- 3 |  4- 6 || total
-------------------------+-------+-------++-------
Melee: Hand axe          |    80 |   109 ||   189
       Headbutt          |    14 |    18 ||    32
Armor: Robe              |     3 |       ||     3
       Ring mail         |    15 |    33 ||    48
Dodge: Dodged            |    53 |    59 ||   112

Table legend: (Time is in decaauts)
 A = Elapsed time spent in this place.
 B = Non-inter-level travel time spent in this place.
 C = Inter-level travel time spent in this place.
 D = Time resting spent in this place.
 E = Time spent auto-exploring this place.
 F = Levels seen in this place.
 G = Mean time per level.
                   A        B        C        D        E       F      G
               +--------+--------+--------+--------+--------+-----+--------+
         Total |   3174 |   3025 |    149 |      0 |   2488 |   5 |  634.8 |
       Dungeon |   2377 |   2228 |    149 |      0 |   1917 |   4 |  594.2 |
         Sewer |    796 |    796 |      0 |      0 |    571 |   1 |  796.0 |
               +--------+--------+--------+--------+--------+-----+--------+

Top non-repeatable levels by time:
     D:2: 1085 daAuts
   Sewer: 796 daAuts
     D:1: 706 daAuts
     D:3: 446 daAuts
     D:4: 139 daAuts
